jakik, chaotic male human Wizard --------- --------- --------- --------- --------- |[[[[[[[| |.......| |.......| |.......| |.......| |[[[.[[[| |.......| |.._....| |.......|#####-.......| |[[[[[[[| |.......| |.......| ##........-# |.......| |[[[[[.[| |...(...| |.......| # |.......| |.......| |I@..[.[| |.......| |....[.(-#### |.......| |.......| --|------ -------.- -------|- -------.- --------- ## # ##%### ### # # # # ## )# ## # ### ----.---- ------.-- -.------- -.--|---- --------- |.......| |.......| |..<....| |.......-## |.......| |.......| #...^....| |.......| |.......| # |.......| |........#####|.......| |.......| |.......| ### |.......| |.......| |.>.....| #........| |>......| # |.......| |.......| |........#####|.......| |.......| ##........| --------- --------- --------- --------- --------- jakik the Thaumaturge Experience level: 7 Strength: 12 Dexterity: 16 Constitution: 13 Intelligence: 18 Wisdom: 10 Charisma: 13 Health: 0(56) Energy: 23(70) AC: 5 Gold: 0 Moves: 3381 Your Inventory: Weapons a - a blessed +1 quarterstaff (weapon in hands) Armor b - an uncursed +0 cloak of magic resistance (being worn) o - an uncursed +0 studded leather armor (being worn) w - a blessed +0 pair of speed boots C - an uncursed +0 iron skull cap [orcish helm] (being worn) Comestibles t - an uncursed slime mold v - an uncursed food ration Scrolls i - an uncursed scroll of identify j - an uncursed scroll of light k - an uncursed scroll of scare monster u - an uncursed scroll of magic mapping Spellbooks l - a blessed spellbook of force bolt m - an uncursed spellbook of slow monster Potions f - an uncursed potion of gain ability g - an uncursed potion of levitation h - an uncursed potion of confusion B - an uncursed pink potion [of sickness] Rings d - an uncursed ring of fire resistance (on right hand) e - an uncursed ring of poison resistance (on left hand) q - an uncursed ring of conflict Wands c - an uncursed wand of cancellation (0:6) z - an uncursed wand of striking [0:0] Tools n - an uncursed magic marker (0:70) x - an uncursed [tallow] candle y - 2 uncursed [wax] candles A - an uncursed towel Spells known in the end: Name Level Category Fail Memory a - force bolt 1 attack 0% [|||||||.] b - slow monster 2 enchantment 0% [|||||||.] Your skills at the end: Fighting Skills Weapon Skills quarterstaff [Basic / Expert] Spellcasting Skills attack spells [Basic / Expert] enchantment spells [Basic / Skilled] Final Attributes: You were piously aligned. Hunger level was 692. Your alignment was 24 / 26. Monster difficulty range was 0 - 5. Level difficulty was 4. You were immune to fire. You were immune to poison. You were magic-protected. You were blinded. Your luck was zero. You are dead. Vanquished creatures: a small mimic a lizard 6 Uruk-hai a pony 2 yellow lights 2 gnome lords an elf zombie 2 ghouls 3 giant ants 2 little dogs a floating eye 2 dwarves a homunculus 4 hill orcs 3 rothes a rabid rat an acid blob 2 gas spores 2 hobbits 2 giant rats 2 green molds 2 red molds 13 gnomes 2 gnome zombies 4 geckos 4 jackals a fox 3 goblins 3 sewer rats 3 bats 2 lichens 2 kobold zombies 8 newts 89 creatures vanquished. Voluntary challenges: You used a wielded weapon 89 times. You read items or engraved 367 times. You put on armor 4 times. You never genocided any monsters. You never polymorphed an object. You never changed form. You used no wishes. You wrote Elbereth's name 135 times. You never encountered a bones level. You never used any Sokoban shortcuts. Dungeon overview: The Dungeons of Doom: levels 1 to 4 Level 1 an altar to Anhur, a fountain a long staircase Level 3 a jewelry store, a fountain, a sink Level 4 <- You were here an armor shop, an altar stairs to The Gnomish Mines The Gnomish Mines: Level 5 stairs to The Dungeons of Doom History has recorded: On T:1 you entered the Dungeons of Doom to retrieve the Amulet of Yendor! On T:557 you advanced to experience level 2. On T:604 you reached level 2 of The Dungeons of Doom. On T:852 you advanced to experience level 3. On T:1074 you reached level 3 of The Dungeons of Doom. On T:1339 you advanced to experience level 4. On T:1653 you reached level 4 of The Dungeons of Doom. On T:1693 you advanced to experience level 5. On T:2042 you advanced to experience level 6. On T:2672 you reached level 1 of The Gnomish Mines. On T:2708 you advanced to experience level 7. Latest messages: You hear a chugging sound. You hear some noises in the distance. The spell hits it. You hear a chugging sound. You hear a nearby zap. Boing! The spell misses it. You hear a nearby zap. Boing! The spell misses it. It hits! (4x) [HP-37=19] You write "Elbereth" with your fingers into the dust. It hits! (2x) You die... Yildizeli takes all your possessions. Final status: Goodbye jakik the Wizard... You died in The Dungeons of Doom on dungeon level 4 with 528 points, and 0 pieces of gold, after 3381 moves. You were level 7 with a maximum of 56 hit points when you died.